 Dungeon Crawl Stone Soup version 0.30.1-11-g7821555f0a (webtiles) character file.

Game seed: 269575099265437767

32 lonewolfV2 the Shield-Bearer (level 3, -3/30 HPs)
             Began as a Formicid Fighter on Dec 6, 2023.
             Slain by a gnoll
             ... wielding a +0 spear
              (4 damage)
             ... on level 2 of the Dungeon.
             The game lasted 00:00:41 (271 turns).

lonewolfV2 the Shield-Bearer (Formicid Fighter)      Turns: 271, Time: 00:00:42

Health: -3/30      AC:  7    Str: 18 (20) XL:     3   Next: 42%
Magic:  3/3        EV:  9    Int:  4 (7)  God:
Gold:   52         SH:  5    Dex: 14 (15) Spells: 2/2 levels left

rFire   . . .        a - +0 war axe
rCold   . . .        c - +0 buckler
rNeg    . . .        b - +0 scale mail
rPois   .            (helmet unavailable)
rElec   .            (no cloak)
rCorr   .            (no gloves)
SInv    +            (no boots)
Will    .....        (no amulet) Stlth
                     (no ring)
HPRegen 0.25/turn    (no ring)
MPRegen 0.08/turn

%: no passive effects
@: mighty
A: permanent stasis, dig shafts and tunnels, antennae 3, four strong arms
a: Dig, Shaft Self


You were on level 2 of the Dungeon.
You visited 1 branch of the dungeon, and saw 2 of its levels.

You collected 52 gold pieces.

Inventory:

Hand Weapons
 a - a +0 war axe (weapon)
Armour
 b - a +0 scale mail (worn)
 c - a +0 buckler (worn)
Jewellery
 i - a ring of flight
Scrolls
 e - a scroll of blinking {unknown}
 f - a scroll of identify {unknown}
 h - a scroll of vulnerability {unknown}
 j - a scroll of enchant armour {unknown}


   Skills:
 + Level 4.0 Fighting
 - Level 2.0 Axes
 + Level 4.0 Armour
 - Level 4.0 Shields


You had 2 spell levels left.
You didn't know any spells.
Your spell library was empty.

Dungeon Overview and Level Annotations

Branches:
Dungeon (1/15)

Altars:


Innate Abilities, Weirdness & Mutations

You cannot be hasted, slowed, berserked, paralysed or teleported.
You can dig through walls and to a lower floor.
You have a pair of large antennae on your head. (SInv)
Your four strong arms can wield two-handed weapons with a shield.


Message History

a +0 club; a gnoll corpse 2 gnolls come into view.
The gnoll shouts!
Things that are here:
a +0 club; a gnoll corpse A gnoll comes into view.
It is wielding a +0 spear.
The gnoll shouts!
Things that are here:
a +0 club; a gnoll corpse You hit the gnoll but do no damage.
The gnoll barely misses you. The gnoll hits you but does no damage.
The gnoll completely misses you. The gnoll hits you with a +0 spear.
You closely miss the gnoll. You hit the gnoll. You slash the gnoll!
You block the gnoll's attack. The gnoll barely misses you.
The gnoll hits you with a +0 spear.
You barely miss the gnoll. You hit the gnoll but do no damage.
You slash the gnoll!
You kill the gnoll!
The gnoll hits you with a +0 spear. x3; The gnoll barely misses you.
Your Fighting skill increases to level 4!
Your Armour skill increases to level 4!
You hit the gnoll but do no damage. You closely miss the gnoll.
The gnoll hits you but does no damage. The gnoll hits you with a +0 spear.
It was a potion of degeneration.
There was something very wrong with that liquid.
You feel weakened.
You feel dopey.
You feel clumsy. The gnoll hits you with a +0 spear.
* * * LOW HITPOINT WARNING * * *
The gnoll hits you with a +0 spear.
* * * LOW HITPOINT WARNING * * *
You feel very mighty all of a sudden. The gnoll closely misses you.
The gnoll barely misses you.
You hit the gnoll.
The gnoll is heavily wounded.
You slash the gnoll!
You kill the gnoll!
The gnoll hits you with a +0 spear.
* * * LOW HITPOINT WARNING * * *
The gnoll hits you with a +0 spear.
You die...

####### .....# ###
#.#g#.###.##
#ggg..##...##########
##.g###)#.....#.......#
#.. #g).........###.#
#..###@###.###...# #.#
#....).# #.# ##### #.#
#.##.### #.# #.# ...#
#'# #.## #.#### ...
#..# # .. ##.# ##..#
{####...# +.......


You could see a gnoll.

Vanquished Creatures
  3 gnolls (D:2)
  A dart slug (D:2)
  A bat (D:1)
  2 goblins
  A hobgoblin (D:1)
  A kobold (D:2)
  A quokka (D:1)
10 creatures vanquished.

Notes
Turn   | Place    | Note
-------+----------+-------------------------------------------
     0 | D:1      | lonewolfV2 the Formicid Fighter began the quest for the
                  | Orb.
     0 | D:1      | Reached XP level 1. HP: 18/18 MP: 1/1
    90 | D:1      | You fall into a shaft and drop 1 floor!
   126 | D:2      | Reached XP level 2. HP: 24/24 MP: 2/2
   250 | D:2      | Reached XP level 3. HP: 29/30 MP: 3/3
   271 | D:2      | HP: 1/30 [gnoll/+0 spear (4)]
   271 | D:2      | Slain by a gnoll

Illustrated notes

Levels and vault maps discovered:
D:1:      lightli_arrival_windingriver, layout_basic, chequers_arboretum
D:2:      layout_loops_corners

Skill      XL: |  1  2  3 |
---------------+----------+-----
Fighting       | 4 |  4.0
Armour         | 4 |  4.0
Axes           | |  2.0
Shields        | |  4.0

Action                     || total
---------------------------++-------
  Melee: War axe           ||    25
    Use: Potion            ||     2
 Armour: Scale mail        ||    10
  Dodge: Dodged            ||    15
  Block: Buckler           ||     4
